 Dungeon Crawl Stone Soup version 0.21-a0-450-gd87a9b2 (webtiles) character file.

130 Barriton the Ruffian (level 4, -4/36 HPs)
             Began as a Draconian Transmuter on Nov 18, 2017.
             Killed by divine providence
             ... invoked by an orc priest
              (9 damage)
             ... on level 3 of the Dungeon.
             The game lasted 00:08:34 (3238 turns).

Barriton the Ruffian (Draconian Transmuter)         Turns: 3238, Time: 00:08:35

Health: -4/36      AC:  7    Str: 15    XL:     4   Next: 90%
Magic:  8/8        EV: 12    Int: 14    God:
Gold:   147        SH:  0    Dex: 11    Spells: 7/8 levels left

rFire    . . .     SeeInvis +   i - +0 spear
rCold    . . .     Gourm    .   (no shield)
rNeg     . . .     Faith    .   (armour unavailable)
rPois    .         Spirit   .   p - +2 hat
rElec    .         Reflect  .   (no cloak)
rCorr    .         Harm     .   (no gloves)
MR       .....                  (no boots)
Stlth    +.........             (no amulet)
HPRegen  0.12/turn              j - ring of see invisible
MPRegen  0.11/turn              r - +2 ring of strength

@: no status effects
A: unfitting armour, cold-blooded, AC +5
a: no special abilities


You were on level 3 of the Dungeon.
You were not hungry.

You visited 1 branch of the dungeon, and saw 3 of its levels.

You collected 147 gold pieces.

Inventory:

Hand Weapons
 i - a +0 spear (weapon)
Missiles
 a - 12 arrows
Armour
 p - a +2 hat (worn)
 s - a +0 pair of boots
Jewellery
 j - a ring of see invisible (left hand)
 r - a +2 ring of strength (right hand)
 t - an uncursed amulet of rage {unknown}
Scrolls
 d - 3 scrolls of remove curse
 e - a scroll of immolation
 f - a scroll of amnesia
 g - 3 scrolls of teleportation
 h - a scroll of recharging
 l - 4 scrolls of identify
 q - a scroll of enchant weapon {unknown}
Potions
 u - 2 potions of invisibility {unknown}
Books
 b - a book of Changes

   Spells                             Type                      Level
   a - Beastly Appendage              Transmutation                1
   b - Sticks to Snakes               Transmutation                2
   c - Spider Form                    Transmutation/Poison         3
   d - Ice Form                       Ice/Transmutation            4
   e - Blade Hands                    Transmutation                5
Comestibles
 c - a bread ration
 k - 3 fruits
 m - a chunk of flesh
 n - 2 royal jellies
 o - 3 meat rations


   Skills:
 + Level 1.9 Fighting
 + Level 1.7 Polearms
 + Level 2.5 Dodging
 + Level 0.2 Stealth
 + Level 3.6 Unarmed Combat
 + Level 2.6 Spellcasting
 + Level 2.4 Transmutations


You had 7 spell levels left.
You knew the following spells:

 Your Spells              Type           Power        Failure   Level  Hunger
a - Beastly Appendage     Tmut           #.....       9%          1    #......


Dungeon Overview and Level Annotations

Branches:
Dungeon (3/15)

Altars:
Zin

Annotations:
D:2 1 runed door


Innate Abilities, Weirdness & Mutations

Your plain brown scales are hard. (AC +5)
You cannot fit into any form of body armour.
You are cold-blooded and may be slowed by cold attacks.


Message History

You kill the orc!
The orc priest mumbles some strange prayers to Beogh against you.
Pain shoots through your body!
Attack whom?
Press: ? - help, Dir - move target cursor, f/p - orc priest
Aim: an orc priest, wielding a flail and wearing a scale mail (moderately wounded)
You reach to attack!
You closely miss the orc priest.
The orc priest is moderately wounded.
Your horns disappear.
You hit the orc priest but do no damage.
The orc priest is moderately wounded.
The orc priest hits you with a flail!
You are too injured to fight recklessly!
You are too injured to fight recklessly!
The orc priest invokes the aid of Beogh against you.
Beogh smites you!
* * * LOW HITPOINT WARNING * * *
The orc priest invokes the aid of Beogh against you.
Beogh smites you!
You die...

#_. #... . #.#
#..# #o# #..#
#o#
##########..# #
#o#
#...........# #
#o#
#.########.## #
#.# #.# #.# #
#.###.########.#
#
#.@..........#.#
#
############.#.#
# #.#### #.....
###### .. ##


You could see an orc priest, an orc wizard (invisible) and 2 orcs.

Vanquished Creatures
  4 adders
  2 oozes (D:1)
  3 worms
  A dart slug (D:1)
  4 leopard geckos
  2 orcs (D:3)
  2 ball pythons (D:2)
  A giant cockroach (D:2)
  4 hobgoblins
  8 jackals
  9 kobolds
  7 bats
  5 frilled lizards
  10 goblins
  6 rats
68 creatures vanquished.

Vanquished Creatures (others)
  5 toadstools (D:1)
5 creatures vanquished.

Grand Total: 73 creatures vanquished

Notes
Turn   | Place    | Note
-------+----------+-------------------------------------------
     0 | D:1      | Barriton the Draconian Transmuter began the quest for the Orb.
     0 | D:1      | Reached XP level 1. HP: 16/16 MP: 3/3
    91 | D:1      | Reached XP level 2. HP: 16/23 MP: 3/5
   356 | D:1      | Reached XP level 3. HP: 20/28 MP: 4/6
  1121 | D:2      | Found a runed door.
  1333 | D:2      | HP: 1/28 [adder (4)]
  1334 | D:2      | Reached skill level 1 in Polearms
  1334 | D:2      | Reached XP level 4. HP: 2/35 MP: 5/7
  2539 | D:3      | HP: 1/36 [orc/mace (2)]
  3224 | D:3      | Found a glowing silver altar of Zin.
  3238 | D:3      | Killed from afar by an orc priest

Vault maps used:
D:1:      ldierk_walled_garden, serial_corexii_hall, corexii_hall_statues_l,
          corexii_hall_statues_i
D:2:      kennysheep_generic_room_8, uniq_crazy_yiuf_cottage
D:3:      overflow_temple_1_default

Skill      XL: |  1  2  3 |
---------------+----------+-----
Dodging        | 2 |  2.5
Polearms       | 1 |  1.7
Fighting       | |  1.9
Stealth        | |  0.2
Unarmed Combat | |  3.6
Spellcasting   | |  2.6
Transmutations | |  2.4

Action                   |  1- 3 |  4- 6 || total
-------------------------+-------+-------++-------
Melee: Unarmed           |    24 |       ||    24
       Kick              |     6 |     6 ||    12
       Tailslap          |    13 |     6 ||    19
       Spear             |   112 |   142 ||   254
       Headbutt          |     5 |     8 ||    13
       Punch             |     1 |     3 ||     4
 Cast: Beastly Appendage |    17 |    14 ||    31
  Use: Scroll            |     8 |       ||     8
       Potion            |       |     2 ||     2
 Stab: Sleeping          |       |     2 ||     2
  Eat: Chunk             |     2 |     6 ||     8
Armor: Skin              |    91 |    62 ||   153
Dodge: Dodged            |   136 |   126 ||   262

Table legend:
 A = Spawn XP
 B = Non-spawn XP
 C = Spawn XP percentage of total XP
 D = Spawn monster count
 E = Non-spawn monster count
 F = Spawn count percentage of total count
 G = Total turns spent on level
                    A         B        C        D         E        F      G
               +---------+---------+-------+---------+---------+-------+---------
         Total |       0 |     187 |   0.0 |       0 |      68 |   0.0 |  3238
               +---------+---------+-------+---------+---------+-------+---------
           D:1 |       0 |      58 |   0.0 |       0 |      25 |   0.0 |   648
           D:2 |       0 |      88 |   0.0 |       0 |      30 |   0.0 |  1835
           D:3 |       0 |      41 |   0.0 |       0 |      13 |   0.0 |   755
               +---------+---------+-------+---------+---------+-------+---------
